 Dungeon Crawl Stone Soup version 0.27.1-1-g398f81649c (webtiles) character file.

Game seed: 3182263528096325587

39 sven the Sneak (level 3, -1/16 HPs)
             Began as a Spriggan Enchanter on Sept 10, 2021.
             Slain by a worm (10 damage)
             ... on level 2 of the Dungeon.
             The game lasted 00:08:07 (1716 turns).

sven the Sneak (Spriggan Enchanter)                 Turns: 1716, Time: 00:08:08

Health: -1/16      AC:  2    Str:  4    XL:     3   Next: 26%
Magic:  8/8        EV: 17    Int: 17    God:
Gold:   47         SH:  0    Dex: 15    Spells: 6/7 levels left

rFire    . . .     SeeInvis +   a - +1 dagger
rCold    . . .     Faith    .   (shield restricted)
rNeg     . . .     Spirit   .   b - +0 robe
rPois    .         Reflect  .   (helmet restricted)
rElec    .         Harm     .   (no cloak)
rCorr    .         Rampage  .   (gloves unavailable)
Will     .....                  (boots unavailable)
Stlth    +++.......             e - amulet of magic regeneration
HPRegen  0.05/turn              (no ring)
MPRegen  0.36/turn              (no ring)

@: very quick
A: very small, no large weapons, unfitting armour, see invisible, speed 3
a: no special abilities


You were on level 2 of the Dungeon.
You visited 1 branch of the dungeon, and saw 2 of its levels.

You collected 47 gold pieces.

Inventory:

Hand Weapons
 a - a +1 dagger (weapon)
 d - a +0 dagger
 j - a +0 whip of electrocution
Armour
 b - a +0 robe (worn)
 c - a +0 scale mail
Jewellery
 e - an amulet of magic regeneration (around neck)
Wands
 h - a wand of paralysis (10)
Scrolls
 f - 3 scrolls of immolation {unknown}
 i - 2 scrolls of summoning {unknown}
Potions
 g - a potion of curing {unknown}


   Skills:
 - Level 1.1 Short Blades
 - Level 2.8 Dodging
 + Level 6.1 Stealth
 - Level 2.8 Spellcasting
 - Level 4.1 Hexes


You had 6 spell levels left.
You knew the following spells:

 Your Spells              Type           Power      Damage    Failure   Level
a - Corona                Hex            17%        N/A       3%          1

Your spell library contained the following spells:

 Spells                   Type           Power      Damage    Failure   Level
 Confusing Touch          Hex            16%        N/A       10%         3
 Tukima's Dance           Hex            16%        N/A       10%         3
 Ensorcelled Hibernation  Hex/Ice        18%        N/A       12%         2
 Dazzling Flash           Conj/Hex       18%        N/A       22%         3


Dungeon Overview and Level Annotations

Branches:
Dungeon (2/15)

Altars:


Innate Abilities, Weirdness & Mutations

You are very small and have problems with some larger weapons.
You are too small for most types of armour.
You have supernaturally acute eyesight. (SInv)
You cover ground extremely quickly. (Speed+++)


Message History

You hit the worm.
The worm is lightly wounded.
You hit the worm.
The worm is moderately wounded.
The worm closely misses you.
You hit the worm.
The worm is moderately wounded.
You hit the worm.
The worm is heavily wounded.
The worm misses you.
You hit the worm.
The worm is heavily wounded.
You hit the worm but do no damage.
The worm is heavily wounded.
The worm misses you.
You hit the worm.
The worm is severely wounded.
You hit the worm.
The worm is severely wounded.
The worm bites you.
You hit the worm but do no damage.
The worm is severely wounded.
You hit the worm.
The worm is severely wounded.
The worm bites you.
You hit the worm.
The worm is severely wounded.
The worm barely misses you.
You hit the worm.
The worm is severely wounded.
You hit the worm.
The worm is almost dead.
The worm misses you.
You hit the worm but do no damage.
The worm is severely wounded.
You hit the worm.
The worm is almost dead.
The worm bites you!
Ouch! That really hurt!
You die...

.................
#####..##### #
.......>.......... #..#
# .................#
#..# # ..###............
...# ..# #............
.. ..# #......>..... .
.## ####......... ...
###################.....
................@w......
####################....
# .


You could see a worm.

Vanquished Creatures
  3 dart slugs
  6 bats
  2 endoplasms (D:1)
  2 giant cockroaches (D:1)
  3 goblins
  3 hobgoblins
  2 quokkas
  3 ball pythons
  4 kobolds
  2 rats (D:1)
30 creatures vanquished.

Vanquished Creatures (others)
  4 toadstools (D:1)
4 creatures vanquished.

Grand Total: 34 creatures vanquished

Notes
Turn   | Place    | Note
-------+----------+-------------------------------------------
     0 | D:1      | sven the Spriggan Enchanter began the quest for the Orb.
     0 | D:1      | Reached XP level 1. HP: 9/9 MP: 5/5
   205 | D:1      | Reached XP level 2. HP: 13/13 MP: 6/6
   472 | D:1      | Reached skill level 5 in Stealth
   999 | D:2      | Reached XP level 3. HP: 16/16 MP: 8/8
  1270 | D:2      | Reached skill level 6 in Stealth
  1429 | D:2      | Found a faded altar of an unknown god.
  1716 | D:2      | Slain by a worm

Illustrated notes

Levels and vault maps discovered:
D:1:      ldierk_water_garden, layout_loops_ring
D:2:      layout_rooms, hellmonk_ecumenical_altar_run_dry, minmay_statues_item

Skill      XL: |  1  2  3 |
---------------+----------+-----
Hexes          | 4 |  4.1
Stealth        | 5 6 |  6.1
Short Blades   | |  1.1
Dodging        | |  2.8
Spellcasting   | |  2.8

Action                   || total
-------------------------++-------
Melee: Dagger            ||   123
 Stab: Sleeping          ||    12
Armor: Robe              ||    12
Dodge: Dodged            ||    74
